 Dungeon Crawl Stone Soup version 0.26.1-2-gb8aa6d0cf2 (webtiles) character file.

Game seed: 3337838931198069701

427 DearestLeader the Sneak (level 6, -4/28 HPs)
             Began as a Spriggan Enchanter on Mar 18, 2021.
             Was an Initiate of Dithmenos.
             Killed by nerve-wracking pain
             ... invoked by a shadow imp
              (14 damage)
             ... on level 4 of the Dungeon.
             The game lasted 00:11:53 (6029 turns).

DearestLeader the Sneak (Spriggan Enchanter)        Turns: 6029, Time: 00:11:53

Health: -4/28      AC:  2    Str:  4    XL:     6   Next: 65%
Magic:  11/11      EV: 18    Int: 19    God:    Dithmenos [......]
Gold:   185        SH:  0    Dex: 16    Spells: 1/10 levels left

rFire    . . .     SeeInvis +   q - +2 dagger (vamp)
rCold    . . .     Faith    .   (shield restricted)
rNeg     . . .     Spirit   .   b - +0 robe
rPois    .         Reflect  .   (helmet restricted)
rElec    .         Harm     .   (no cloak)
rCorr    .         Rampage  .   (gloves unavailable)
Will     +....                  (boots unavailable)
Stlth    ++++......             (no amulet)
HPRegen  0.09/turn              s - ring of flight
MPRegen  0.12/turn              (no ring)

@: very quick
A: very small, unfitting armour, see invisible, speed 3
a: Renounce Religion, Evoke Flight


You were on level 4 of the Dungeon.
You worshipped Dithmenos.
Dithmenos was noncommittal.
You visited 1 branch of the dungeon, and saw 6 of its levels.

You collected 185 gold pieces.

Inventory:

Hand Weapons
 k - a +2 whip of flaming
 q - a +2 vampiric dagger (weapon)
Missiles
 d - 69 poisoned darts (quivered)
Armour
 b - a +0 robe (worn)
Magical Staves
 y - a cursed staff of cold {unknown}
Jewellery
 s - a ring of flight (left hand)
 u - an uncursed ring of protection from cold {unknown}
Wands
 n - a wand of digging (2)
Scrolls
 a - a scroll of enchant armour {unknown}
 e - a scroll of teleportation {unknown}
 g - 5 scrolls of remove curse
 j - a scroll of enchant weapon {unknown}
 l - a scroll of fear {unknown}
 r - a scroll of blinking {unknown}
 t - 2 scrolls of identify
 v - a scroll of immolation {unknown}
 w - a scroll of amnesia {unknown}
 x - a scroll of random uselessness {unknown}
Potions
 c - a potion of heal wounds
 f - a potion of degeneration {unknown}
 h - 2 potions of haste {unknown}
 i - a potion of lignification {unknown}
 m - 2 potions of ambrosia {unknown}
 o - 2 potions of resistance
 p - a potion of invisibility {unknown}


   Skills:
 * Level 6.1 Short Blades
 - Level 3.0 Dodging
 + Level 7.5 Stealth
 - Level 2.6 Spellcasting
 - Level 4.0 Hexes


You had one spell level left.
You knew the following spells:

 Your Spells              Type           Power        Failure   Level
a - Corona                Hex            18%          3%          1
b - Ensorcelled Hibernat  Hex/Ice        20%          11%         2
c - Dazzling Flash        Conj/Hex       20%          21%         3
d - Confusing Touch       Hex            17%          9%          3

Your spell library contained the following spells:

 Spells                   Type           Power        Failure   Level
 Freeze                   Ice            8%           16%         1
 Magic Dart               Conj           8%           16%         1
 Tukima's Dance           Hex            17%          9%          3
 Frozen Ramparts          Ice            4%           43%         3
 Gell's Gravitas          Tloc           1%           43%         3
 Ozocubu's Armour         Ice            2%           43%         3
 Hailstorm                Conj/Ice       2%           83%         4
 Petrify                  Tmut/Erth      2%           83%         4
 Summon Ice Beast         Ice/Summ       2%           83%         4
 Metabolic Englaciation   Hex/Ice        5%           88%         5
 Yara's Violent Unravell  Hex/Tmut       5%           88%         5


Dungeon Overview and Level Annotations

Branches:
Dungeon (6/15)             Temple (0/1) D:4

Altars:
Ashenzari
Dithmenos
Hepliaklqana
Qazlal
Sif Muna
Trog
Uskayaw
Yredelemnul
Zin

Annotations:
D:3 1 runed translucent door
D:4 Prince Ribbit


Innate Abilities, Weirdness & Mutations

You are very small and have problems with some larger weapons.
You are too small for most types of armour.
You have supernaturally acute eyesight. (SInv)
You cover ground extremely quickly.


Message History

You see here a +0 giant club.
Done exploring.
Done exploring.
There is a stone staircase leading down here.
You climb downwards.
Level annotation: Prince Ribbit Prince Ribbit hits you!!
Ouch! That really hurt!
Prince Ribbit asks, "Just a little smooch?"
Prince Ribbit closely misses you.
There is a stone staircase leading up, spattered with blood here.
Prince Ribbit closely misses you. The shadow imp barely misses you.
You climb upwards.
There is a stone staircase leading down here.
Prince Ribbit catches a blue-tailed skink with his tongue.
Prince Ribbit blinks!
The shadow imp gestures at you. Pain shoots through your body!
Ouch! That really hurt!
You die...

### #.###########
#...........####
#.#########.....
#.##############
#............... #
##########################
# #.......[....#
########........@...##
.......'...........5>#
#.######.............# #.#
#.............#### #.#
#############F...# #.#
#....# #.### #....# #...#
#############....#########
#.#.#
#...............).........


You could see Prince Ribbit and a shadow imp.

Vanquished Creatures
  An ogre (D:4)
  2 howler monkeys
  A jelly (D:3)
  Jessica (D:3)
  An orc wizard (D:3)
  6 adders
  A gnoll (D:3)
  3 adder zombies (D:2)
  2 worms
  3 dart slugs (D:1)
  A leopard gecko (D:3)
  12 orcs
  11 bats
  A bat skeleton (D:2)
  8 giant cockroaches
  7 goblins
  8 hobgoblins
  3 jackals (D:3)
  11 kobolds
  5 frilled lizards
  A leopard gecko skeleton (D:2)
  A quokka zombie (D:2)
  5 rats
95 creatures vanquished.

Vanquished Creatures (others)
  39 plants (D:4)
  A withered plant (D:2)
40 creatures vanquished.

Grand Total: 135 creatures vanquished

Notes
Turn   | Place    | Note
-------+----------+-------------------------------------------
     0 | D:1      | DearestLeader the Spriggan Enchanter began the quest for
                  | the Orb.
     0 | D:1      | Reached XP level 1. HP: 9/9 MP: 5/5
   355 | D:1      | Reached XP level 2. HP: 7/13 MP: 4/6
   358 | D:1      | Learned a level 2 spell: Ensorcelled Hibernation
  1230 | D:1      | Reached skill level 5 in Stealth
  1381 | D:1      | Reached XP level 3. HP: 16/16 MP: 8/8
  1385 | D:1      | Learned a level 3 spell: Dazzling Flash
  2086 | D:2      | Found a broken altar of Ashenzari.
  2086 | D:2      | Found a basalt altar of Yredelemnul.
  2086 | D:2      | Found a hide-covered altar of Uskayaw.
  2247 | D:2      | Reached XP level 4. HP: 21/21 MP: 5/9
  3147 | D:2      | Reached skill level 6 in Stealth
  3368 | D:3      | Reached XP level 5. HP: 24/24 MP: 7/10
  3575 | D:3      | Found a stormy altar of Qazlal.
  3904 | D:3      | Found a glowing silver altar of Zin.
  3905 | D:3      | Found a runed translucent door.
  3905 | D:3      | Noticed an angel
  3925 | D:3      | You fall into a shaft and drop 3 floors!
  3930 | D:6      | Noticed a centaur
  3936 | D:6      | Reached skill level 5 in Short Blades
  3942 | D:5      | Entered Level 5 of the Dungeon
  4028 | D:5      | Noticed Prince Ribbit
  4045 | D:4      | Noticed an ogre
  4275 | D:4      | Learned a level 3 spell: Confusing Touch
  4295 | D:4      | Found a shadowy altar of Dithmenos.
  4298 | D:4      | Became a worshipper of Dithmenos the Shadowed
  4600 | D:3      | Noticed Jessica
  4601 | D:3      | Found a shimmering blue altar of Sif Muna.
  4607 | D:3      | Killed Jessica
  4608 | D:3      | Reached XP level 6. HP: 28/28 MP: 11/11
  4608 | D:3      | Identified Sif Muna's Guide on Attacks
  4614 | D:3      | Found a bloodstained altar of Trog.
  4618 | D:3      | Reached skill level 7 in Stealth
  5622 | D:4      | Found a hazy altar of Hepliaklqana.
  5818 | D:4      | Found a staircase to the Ecumenical Temple.
  6029 | D:4      | Killed from afar by a shadow imp

Illustrated notes

Levels and vault maps discovered:
D:1:      dpeg_arrival_houses_and_road, layout_basic
D:2:      layout_basic, gammafunk_temple_overflow_claw, serial_undead,
          serial_undead_e, serial_undead_b, serial_undead_c, serial_undead_a,
          serial_undead_e, serial_undead_e, serial_undead_b
D:3:      layout_loops_ring, overflow_temple_1_default,
          nzn_overflow_gifts_of_might_and_magic, lemuel_angel_altar
D:4:      layout_basic, lemuel_crystal_altar, grunt_dithmenos_smoke_and_mirrors,
          temple_hall, kennysheep_boxes
D:5:      layout_basic, nemelex_altar_shiori, uniq_prince_ribbit1, uniq_ijyb,
          uniq_eustachio
D:6:      layout_basic, overflow_temple_1_default, kennysheep_little_box,
          uniq_grinder

Skill      XL: |  1  2  3  4  5  6 |
---------------+-------------------+-----
Short Blades   | 2 3 4 5 6 |  6.1
Hexes          | 4 |  4.0
Stealth        | 5 6 7 |  7.5
Dodging        | |  3.0
Spellcasting   | |  2.6

Action                   |  1- 3 |  4- 6 || total
-------------------------+-------+-------++-------
Melee: Dagger            |    98 |   217 ||   315
Throw: Dart              |    23 |     9 ||    32
 Cast: Corona            |     3 |     6 ||     9
       Ensorcelled Hiber |    20 |    54 ||    74
       Dazzling Flash    |       |     2 ||     2
  Use: Scroll            |       |     3 ||     3
 Stab: Sleeping          |    24 |    38 ||    62
Armor: Robe              |     9 |    17 ||    26
Dodge: Dodged            |    76 |   164 ||   240
